 Dungeon Crawl Stone Soup version 0.30-a0-465-g8901f6c8b5 (webtiles) character file.

Game seed: 5373835790318839330

2 greenreed the Shield-Bearer (level 1, 0/18 HPs)
             Began as a Formicid Fighter on Dec 17, 2022.
             Slain by a frilled lizard (1 damage)
             ... on level 1 of the Dungeon.
             The game lasted 00:00:11 (69 turns).

greenreed the Shield-Bearer (Formicid Fighter)        Turns: 69, Time: 00:00:12

Health: 0/18       AC:  6    Str: 20    XL:     1   Next: 33%
Magic:  1/1        EV:  9    Int:  7    God:
Gold:   13         SH:  5    Dex: 13    Spells: 0/0 levels left

rFire   . . .      SeeInvis +    a - +0 flail
rCold   . . .      Faith    .    c - +0 buckler
rNeg    . . .      Spirit   .    b - +0 scale mail
rPois   .          Reflect  .    (helmet unavailable)
rElec   .          Harm     .    (no cloak)
rCorr   .          Rampage  .    (no gloves)
Will    .....                    (no boots)
Stlth   ..........               (no amulet)
HPRegen 0.23/turn                (no ring)
MPRegen 0.07/turn                (no ring)

@: no status effects
A: permanent stasis, dig shafts and tunnels, antennae 3, four strong arms
a: Dig, Shaft Self


You were on level 1 of the Dungeon.
You visited 1 branch of the dungeon, and saw 1 of its levels.

You collected 13 gold pieces.

Inventory:

Hand Weapons
 a - a +0 flail (weapon)
Armour
 b - a +0 scale mail (worn)
 c - a +0 buckler (worn)
Potions
 d - a potion of might


   Skills:
 + Level 3.2 Fighting
 + Level 2.0 Maces & Flails
 + Level 3.2 Armour
 + Level 4.2 Shields


You couldn't memorise any spells.
You didn't know any spells.
Your spell library was empty.

Dungeon Overview and Level Annotations

Branches:
Dungeon (1/15)

Altars:

Shops:
D:1 [


Innate Abilities, Weirdness & Mutations

You cannot be hasted, slowed, berserked, paralysed or teleported.
You can dig through walls and to a lower floor.
You have a pair of large antennae on your head. (SInv)
Your four strong arms can wield two-handed weapons with a shield.


Message History

The frilled lizard bites you.
* * * LOW HITPOINT WARNING * * *
You closely miss the quokka. You block the quokka's attack.
The frilled lizard bites you but does no damage.
The quokka bites you.
* * * LOW HITPOINT WARNING * * *
You miss the quokka.
The frilled lizard bites you but does no damage.
You block the quokka's attack.
You hit the quokka.
The quokka is severely wounded.
You block the quokka's attack. The frilled lizard bites you.
* * * LOW HITPOINT WARNING * * *
The quokka bites you but does no damage.
You hit the quokka but do no damage.
The quokka is severely wounded.
The frilled lizard barely misses you.
The quokka bites you but does no damage.
You block the frilled lizard's attack.
You completely miss the quokka.
The quokka is severely wounded.
The quokka bites you.
* * * LOW HITPOINT WARNING * * *
The frilled lizard barely misses you. The quokka barely misses you.
You hit the quokka.
The quokka is almost dead.
The quokka barely misses you. The frilled lizard closely misses you.
The quokka bites you but does no damage.
You block the frilled lizard's attack.
You sock the quokka!
You kill the quokka!
The frilled lizard bites you.
* * * LOW HITPOINT WARNING * * *
You hit the frilled lizard.
The frilled lizard is heavily wounded.
The frilled lizard barely misses you.
You barely miss the frilled lizard. The frilled lizard bites you.
* * * LOW HITPOINT WARNING * * *
You closely miss the frilled lizard. The frilled lizard bites you.
You die...

#..#......#
#.....#.#.
.....#.#.
.##?.⌠.⌠.
......∩..
.#...⌠.⌠###
......l†..#
#..)@..# #......#
. #..###.# .
.....###.#
###########...
#...# ........#
#### #.###
........# #.#
........# #.#
........########.#


You could see a frilled lizard.

Vanquished Creatures
  A quokka (D:1)
  A kobold (D:1)
2 creatures vanquished.

Notes
Turn   | Place    | Note
-------+----------+-------------------------------------------
     0 | D:1      | greenreed the Formicid Fighter began the quest for the Orb.
     0 | D:1      | Reached XP level 1. HP: 18/18 MP: 1/1
    45 | D:1      | Found Ozapewa's Armour Emporium.
    69 | D:1      | Slain by a frilled lizard

Illustrated notes

Levels and vault maps discovered:
D:1:      amcnicky_arrival_single_pillar, layout_basic, serial_shops,
          shop_fountains, st_stairs_7

Action                   || total
-------------------------++-------
Melee: Flail             ||    19
Armor: Scale mail        ||    10
Dodge: Dodged            ||    16
Block: Buckler           ||    10

Table legend: (Time is in decaauts)
 A = Elapsed time spent in this place.
 B = Non-inter-level travel time spent in this place.
 C = Inter-level travel time spent in this place.
 D = Time resting spent in this place.
 E = Time spent auto-exploring this place.
 F = Levels seen in this place.
 G = Mean time per level.
                   A        B        C        D        E       F      G
               +--------+--------+--------+--------+--------+-----+--------+
         Total |     74 |     74 |      0 |      0 |     46 |   1 |   74.0 |
       Dungeon |     74 |     74 |      0 |      0 |     46 |   1 |   74.0 |
               +--------+--------+--------+--------+--------+-----+--------+

Top non-repeatable levels by time:
     D:1: 74 daAuts
